 Dungeon Crawl Stone Soup version 0.22-a0-605-g9281fa2 (webtiles) character file.

98 Hebeh the Firebug (level 4, -9/24 HPs)
             Began as a Deep Elf Fire Elementalist on July 8, 2018.
             Mangled by an orc warrior
             ... wielding a +1 vampiric halberd
              (13 damage)
             ... on level 3 of the Dungeon.
             The game lasted 00:14:40 (2762 turns).

Hebeh the Firebug (Deep Elf Fire Elementalist)      Turns: 2762, Time: 00:14:41

Health: -9/24      AC:  2    Str:  6    XL:     4   Next: 44%
Magic:  5/11       EV: 13    Int: 20    God:
Gold:   87         SH:  0    Dex: 15    Spells: 4/10 levels left

rFire    . . .     SeeInvis +   a - +1 spear (pierce)
rCold    . . .     Gourm    .   (no shield)
rNeg     . . .     Faith    .   d - +0 robe
rPois    .         Spirit   .   (no helmet)
rElec    .         Reflect  .   (no cloak)
rCorr    .         Harm     .   (no gloves)
MR       .....                  (no boots)
Stlth    ++........             (no amulet)
HPRegen  0.08/turn              k - ring of see invisible
MPRegen  0.12/turn              (no ring)

@: very slightly contaminated
A: no striking features
a: no special abilities


You were on level 3 of the Dungeon.
You were not hungry.

You visited 1 branch of the dungeon, and saw 3 of its levels.

You collected 87 gold pieces.

Inventory:

Hand Weapons
 a - a +1 spear of piercing (weapon)
 o - a +0 short sword
Armour
 d - a +0 robe (worn)
Jewellery
 k - a ring of see invisible (left hand)
Scrolls
 e - 4 scrolls of identify {unknown}
 g - 2 scrolls of remove curse {unknown}
 n - a scroll of enchant weapon {unknown}
 p - 2 scrolls of teleportation {unknown}
Potions
 b - a potion of magic {unknown}
 f - a potion of curing {unknown}
 h - a potion of brilliance {unknown}
 i - a potion of agility {unknown}
 j - a potion of degeneration {unknown}
 m - a potion of resistance {unknown}
Comestibles
 c - 6 rations


   Skills:
 + Level 3.1 Dodging
 + Level 3.2 Stealth
 + Level 3.7 Spellcasting
 * Level 2.9 Conjurations
 + Level 3.8 Fire Magic


You had 4 spell levels left.
You knew the following spells:

 Your Spells              Type           Power        Failure   Level  Hunger
a - Flame Tongue          Conj/Fire      ###..        3%          1    None
b - Throw Flame           Conj/Fire      ###...       4%          2    ##.....
c - Conjure Flame         Conj/Fire      ###.....     10%         3    ###....

Your spell library contained the following spells:

 Spells                   Type           Power        Failure   Level  Hunger
 Fireball                 Conj/Fire      ###.......   65%         5    ######.
 Sticky Flame             Conj/Fire      ###.....     32%         4    ####...
 Inner Flame              Hex/Fire       ##......     19%         3    ###....


Dungeon Overview and Level Annotations

Branches:
Dungeon (3/15)

Altars:
Fedhas


Message History

Confirm with . or Enter, or press ? or * to list all spells.
Aiming: Flame Tongue (safe; 3% risk of failure)
Press: ? - help, Shift-Dir - straight line, f - orc
Aim: an orc, wielding a hand axe (heavily wounded)
The flame tongue hits the orc.
The orc is severely wounded.
The orc barely misses you.
Casting: Flame Tongue (safe; 3% risk of failure)
Confirm with . or Enter, or press ? or * to list all spells.
Aiming: Flame Tongue (safe; 3% risk of failure)
Press: ? - help, Shift-Dir - straight line, f/p - orc
Aim: an orc, wielding a hand axe (severely wounded)
The flame tongue hits the orc.
You kill the orc!
The orc warrior hits you from afar with a vampiric halberd!!
Ouch! That really hurt!
* * * LOW HITPOINT WARNING * * *
The orc warrior hits you from afar with a vampiric halberd!
Ouch! That really hurt!
You die...

#)# #.# #.# #.#
#.### #.o.#
###o#
##########.#
#.........@#
#.#######..#
#.....#.......
#####.#.#..##.#
#.#....# #
#.#.#.##
#<#....
#.....## #.#
#.###.


You could see an orc warrior and an orc.

Vanquished Creatures
  3 gnolls (D:2)
  An adder (D:2)
  3 dart slugs
  2 leopard geckos (D:1)
  An orc (D:3)
  4 bats
  4 goblins
  9 hobgoblins
  6 jackals (D:2)
  A ball python (D:1)
  3 frilled lizards
  6 kobolds
  7 rats
50 creatures vanquished.

Notes
Turn   | Place    | Note
-------+----------+-------------------------------------------
     0 | D:1      | Hebeh the Deep Elf Fire Elementalist began the quest for the Orb.
     0 | D:1      | Reached XP level 1. HP: 10/10 MP: 6/6
     2 | D:1      | Noticed a gargoyle
     4 | D:1      | Noticed a halfling
     6 | D:1      | Noticed a tengu
     6 | D:1      | Noticed a dwarf
     8 | D:1      | Noticed an ogre
     8 | D:1      | Noticed an elf
    10 | D:1      | Noticed an octopode
    10 | D:1      | Noticed a draconian
    13 | D:1      | Noticed a merfolk
    13 | D:1      | Noticed a felid
    15 | D:1      | Noticed a vampire
    15 | D:1      | Noticed a spriggan
    17 | D:1      | Noticed a demigod
    19 | D:1      | Noticed a naga
    21 | D:1      | Noticed a formicid
    21 | D:1      | Noticed a vine stalker
    23 | D:1      | Noticed a minotaur
    23 | D:1      | Noticed a ghoul
    25 | D:1      | Noticed a demonspawn
    25 | D:1      | Noticed a troll
    27 | D:1      | Noticed a human
    27 | D:1      | Noticed a centaur
   365 | D:1      | Reached XP level 2. HP: 15/15 MP: 6/8
   916 | D:1      | Learned a level 2 spell: Throw Flame
   919 | D:1      | Reached XP level 3. HP: 19/19 MP: 4/9
  1118 | D:1      | Learned a level 3 spell: Conjure Flame
  2155 | D:2      | Reached XP level 4. HP: 24/24 MP: 2/11
  2626 | D:2      | Found a blossoming altar of Fedhas.
  2748 | D:3      | Noticed an orc warrior
  2762 | D:3      | Mangled by an orc warrior

Vault maps used:
D:1:      kb_arrival_jail
D:2:      first_ration, fedhas_altar_fruit_tree
D:3:      nicolae_overflow_crystal_walls

Skill      XL: |  1  2  3 |
---------------+----------+-----
Conjurations   | 2 |  2.9
Stealth        | 3 |  3.2
Dodging        | 3 |  3.1
Spellcasting   | |  3.7
Fire Magic     | |  3.8

Action                   |  1- 3 |  4- 6 || total
-------------------------+-------+-------++-------
Melee: Spear             |     4 |    11 ||    15
 Cast: Flame Tongue      |    53 |    12 ||    65
       Throw Flame       |    21 |     5 ||    26
       Conjure Flame     |     4 |     2 ||     6
  Eat: Chunk             |     4 |     3 ||     7
Armor: Robe              |     2 |     1 ||     3
Dodge: Dodged            |     8 |    11 ||    19

Table legend:
 A = Spawn XP
 B = Non-spawn XP
 C = Spawn XP percentage of total XP
 D = Spawn monster count
 E = Non-spawn monster count
 F = Spawn count percentage of total count
 G = Total turns spent on level
                    A         B        C        D         E        F      G
               +---------+---------+-------+---------+---------+-------+---------
         Total |       0 |     141 |   0.0 |       0 |      50 |   0.0 |  2762
               +---------+---------+-------+---------+---------+-------+---------
           D:1 |       0 |      43 |   0.0 |       0 |      24 |   0.0 |  1151
           D:2 |       0 |      95 |   0.0 |       0 |      25 |   0.0 |  1567
           D:3 |       0 |       3 |   0.0 |       0 |       1 |   0.0 |    44
               +---------+---------+-------+---------+---------+-------+---------
